 Dungeon Crawl Stone Soup version 0.30-a0-1103-g25895a7845 (webtiles) character file.

Game seed: 2516699459808986320

32 Jeffwins the Firebug (level 3, 0/26 HPs)
             Began as a Human Wanderer on Apr 18, 2023.
             Slain by a gnoll
             ... wielding a +0 spear
              (7 damage)
             ... on level 2 of the Dungeon.
             The game lasted 00:02:00 (1302 turns).

Jeffwins the Firebug (Human Wanderer)               Turns: 1302, Time: 00:02:01

Health: 0/26       AC:  4    Str: 12    XL:     3   Next: 42%
Magic:  1/5        EV:  5    Int: 13    God:
Gold:   72         SH:  0    Dex: 13    Spells: 4/5 levels left

rFire   . . .      SeeInvis .    a - +0 whip (elec)
rCold   . . .      Faith    .    (no shield)
rNeg    . . .      Spirit   .    c - +0 leather armour
rPois   .          Reflect  .    (no helmet)
rElec   .          Rampage  .    (no cloak)
rCorr   .                        (no gloves)
Will    .....                    d - +0 pair of boots
Stlth   ++                       (no amulet)
HPRegen 0.24/turn                (no ring)
MPRegen 0.09/turn                (no ring)

@: held
A: no striking features
a: no special abilities


You were on level 2 of the Dungeon.
You visited 1 branch of the dungeon, and saw 2 of its levels.

You collected 72 gold pieces.


   Skills:
 - Level 1.0 Fighting
 - Level 1.0 Throwing
 + Level 2.2 Stealth
 * Level 1.8 Spellcasting
 * Level 1.1 Conjurations
 - Level 2.0 Translocations
 * Level 2.5 Fire Magic
 - Level 1.0 Evocations


You had 4 spell levels left.
You knew the following spells:

 Your Spells              Type           Power      Damage    Failure   Level
z - Foxfire               Conj/Fire      20%        2x1d5     16%         1

Your spell library contained the following spells:

 Spells                   Type           Power      Damage    Failure   Level
 Apportation              Tloc           12%        N/A       14%         1
 Gell's Gravitas          Tloc           6%         N/A       41%         3
 Inner Flame              Hex/Fire       4%         N/A       52%         3
 Vhi's Electric Charge    Tloc/Air       6%         N/A       54%         3

Inventory:

Hand Weapons
 a - a +0 whip of electrocution (weapon)
Missiles
 g - 5 poisoned darts (quivered)
Armour
 c - a +0 leather armour (worn)
 d - a +0 pair of boots (worn)
Scrolls
 b - 2 scrolls of fog
Potions
 e - a potion of flight {unknown}
 f - 2 potions of curing {unknown}
 h - a potion of berserk rage {unknown}
 i - a potion of might {unknown}
 j - a potion of resistance {unknown}

Dungeon Overview and Level Annotations

Branches:
Dungeon (2/15)

Altars:

Annotations:
D:1 1 runed translucent door

#......
#.....
.....
#....
#...##
#.g.g
#.wg#
#..@#
#.ยงยง#
#####


You could see a worm (inner flame) and 3 gnolls.


Message History

Confirm with . or Enter, or press ? or * to list all spells.
You conjure some foxfire!
The foxfire hits the gnoll.
The gnoll is heavily wounded.
A gnoll comes into view. It is wielding a +0 spear.
Unknown command.
Casting: Foxfire (safe; 16% risk of failure)
Confirm with . or Enter, or press ? or * to list all spells.
You conjure some foxfire!
The foxfire hits the worm but does no damage.
The gnoll barely misses you. The gnoll hits you with a +0 club.
Unknown command.
Casting: Foxfire (safe; 16% risk of failure)
Confirm with . or Enter, or press ? or * to list all spells.
There is not enough space to conjure foxfire!
Unknown command.
Unknown command.
Okay, then.
As you read the scroll labelled DAOTZA JINTAUW, it crumbles to dust.
The creatures around you are filled with an inner flame!
It was a scroll of immolation.
The foxfire hits the worm.
Flame seeps out of the worm.
The worm is lightly wounded.
The foxfire hits the worm.
Flame seeps out of the worm.
The worm is heavily wounded.
The foxfire hits the worm.
Flame seeps out of the worm.
The worm is severely wounded.
The gnoll hits you from afar with a +0 halberd!
* * * LOW HITPOINT WARNING * * *
The gnoll hits you from afar with a +0 spear!
You die...

Skill      XL: |  1  2 |
---------------+-------+-----
Conjurations   | 1 |  1.1
Fighting       | |  1.0
Throwing       | |  1.0
Stealth        | |  2.2
Spellcasting   | |  1.8
Translocations | |  2.0
Fire Magic     | |  2.5
Evocations     | |  1.0

Action                     || total
---------------------------++-------
  Melee: Dagger            ||    15
         Whip              ||    23
   Cast: Foxfire           ||    24
    Use: Scroll            ||     1
   Stab: Sleeping          ||     1
 Armour: Leather armour    ||    23
  Dodge: Dodged            ||    20

Levels and vault maps discovered:
D:1:      dpeg_arrival_caged_fury, layout_loops_corners,
          minmay_stone_trees_small, minmay_distorted
D:2:      layout_rooms

Notes
Turn   | Place    | Note
-------+----------+-------------------------------------------
     0 | D:1      | Jeffwins the Human Wanderer began the quest for the Orb.
     0 | D:1      | Jeffwins set off with the following items: a +0 dagger, a
                  | scroll of fog, a +0 leather armour, a +0 pair of boots; and
                  | the following spells available to memorise: Apportation,
                  | Foxfire, Gell's Gravitas, Inner Flame, Vhi's Electric
                  | Charge.
     0 | D:1      | Reached XP level 1. HP: 15/15 MP: 2/2
     2 | D:1      | Learned a level 1 spell: Foxfire
     3 | D:1      | Found a runed translucent door.
   208 | D:1      | Reached XP level 2. HP: 12/21 MP: 0/3
  1129 | D:2      | Reached skill level 1 in Conjurations
  1129 | D:2      | Reached XP level 3. HP: 19/26 MP: 1/5
  1302 | D:2      | Slain by a gnoll

Vanquished Creatures
  An adder (D:2)
  5 ball pythons
  An endoplasm (D:1)
  4 kobolds (D:1)
  2 bats (D:1)
  2 frilled lizards (D:1)
  4 goblins
  6 rats
25 creatures vanquished.

Vanquished Creatures (others)
  40 foxfires
40 creatures vanquished.

Grand Total: 65 creatures vanquished

Table legend: (Time is in decaauts)
 A = Elapsed time spent in this place.
 B = Non-inter-level travel time spent in this place.
 C = Inter-level travel time spent in this place.
 D = Time resting spent in this place.
 E = Time spent auto-exploring this place.
 F = Levels seen in this place.
 G = Mean time per level.
                   A        B        C        D        E       F      G
               +--------+--------+--------+--------+--------+-----+--------+
         Total |   1303 |   1257 |     46 |      0 |   1088 |   2 |  651.5 |
       Dungeon |   1303 |   1257 |     46 |      0 |   1088 |   2 |  651.5 |
               +--------+--------+--------+--------+--------+-----+--------+

Top non-repeatable levels by time:
     D:1: 1114 daAuts
     D:2: 189 daAuts

Table legend:
 A = Non-vault XP
 B = Vault XP
 C = Vault XP percentage of total XP
 D = Non-vault monster count
 E = Vault monster count
 F = Vault count percentage of total count
                 A         B        C        D         E       F
            +---------+---------+-------+---------+---------+-------
      Total |      43 |       3 |   6.5 |      23 |       2 |   8.0
            +---------+---------+-------+---------+---------+-------
        D:1 |      25 |       3 |  10.7 |      18 |       2 |  10.0
        D:2 |      18 |       0 |   0.0 |       5 |       0 |   0.0
            +---------+---------+-------+---------+---------+-------
